 Dungeon Crawl Stone Soup version 0.32-a0-818-gb728d02 (webtiles) character file.

Game seed: 17662512468436199642

256 Dorkslayer the Sneak (level 6, -3/43 HPs)
             Began as an Octopode Fighter on Mar 24, 2024.
             Slain by an ice beast (5 damage)
             ... on level 4 of the Dungeon.
             The game lasted 00:05:10 (1804 turns).

Dorkslayer the Sneak (Octopode Fighter)             Turns: 1804, Time: 00:05:10

Health: -3/43      AC:  1    Str: 18    XL:     6   Next: 16%
Magic:  15/15      EV: 12    Int: 10    God:
Gold:   136        SH:  4    Dex: 11    Spells: 5/5 levels left

rFire   . . .        a - +2 war axe
rCold   . . .        b - +0 buckler
rNeg    . . .        (helmet restricted)
rPois   .            (no amulet)
rElec   .            m - +4 ring of slaying
rCorr   .            p - ring of magical power
SInv    .            (no ring)
Will    .....        (no ring)
Stlth   ++++         (no ring)
HPRegen 0.27/turn    (no ring)
MPRegen 0.14/turn    (no ring)
                     (no ring)

%: no passive effects
@: weak-willed
A: almost no armour, amphibious, 8 rings, camouflage 1, gelatinous body 1,
(nimble swimmer 1), tentacles
a: Convert to Beogh


You were on level 4 of the Dungeon.
You visited 1 branch of the dungeon, and saw 4 of its levels.

You collected 136 gold pieces.

Inventory:

Hand Weapons
 a - a +2 war axe (weapon)
Armour
 b - a +0 buckler (worn)
Jewellery
 m - a +4 ring of slaying (left tentacle)
 p - a ring of magical power (right tentacle)
Scrolls
 f - a scroll of teleportation
 l - 2 scrolls of vulnerability
Potions
 e - 3 potions of curing
 g - 2 potions of ambrosia
 k - a potion of haste {unknown}
 q - 2 potions of brilliance {unknown}


   Skills:
 + Level 3.8 Fighting
 + Level 3.8 Axes
 + Level 3.5 Dodging
 + Level 4.5 Stealth
 + Level 3.4 Shields


You had 5 spell levels left.
You didn't know any spells.
Your spell library contained the following spells:

 Spells                   Type           Power      Damage    Failure   Level
 Apportation              Tloc           0%         N/A       43%         1
 Freeze                   Ice            0%         1d3       43%         1
 Call Imp                 Summ           0%         N/A       58%         2
 Lesser Beckoning         Tloc           0%         N/A       58%         2
 Scorch                   Fire           0%         2d5       58%         2
 Sublimation of Blood     Necr           0%         N/A       58%         2
 Frozen Ramparts          Ice            0%         1d1       82%         3
 Gell's Gravitas          Tloc           0%         N/A       82%         3
 Hailstorm                Conj/Ice       0%         3d5       82%         3
 Teleport Other           Tloc           0%         N/A       82%         3
 Flame Wave               Conj/Fire      0%         2d4       99%         4
 Curse of Agony           Necr           0%         N/A       100%        5
 Summon Cactus Giant      Summ           0%         N/A       100%        6
 Haunt                    Necr/Summ      0%         N/A       100%        7
 Summon Hydra             Summ           0%         N/A       100%        7


Dungeon Overview and Level Annotations

Branches:
Dungeon (4/15)
 Temple: D:4-7

Altars:
Ru


Innate Abilities, Weirdness & Mutations

You cannot wear most types of armour.
You are amphibious.
You can wear up to eight rings at the same time.
Your skin changes colour to match your surroundings (Stealth+).
Your rubbery body absorbs attacks. (AC +1, EV +1)
((You are camouflaged when in or above water. (Stealth+)))
You have tentacles for arms and can constrict up to eight enemies at once.


Message History

A kobold and an ice beast come into view.
The kobold is wielding a +1 short sword of protection.
An orc priest comes into view. It is wielding a +0 short sword.
The orc priest shouts!
A gnoll comes into view. It is wielding a +0 club.
An orc, an adder, a goblin and a ball python come into view.
The kobold hits you with a +0 short sword.
The orc shouts!
You hit the kobold.
You kill the kobold!
The orc priest begins to cast a cantrip, but forgets the words!
A ball python comes into view.
Unknown command.
The ball python hisses angrily.
You hit the kobold.
You kill the kobold!
A kobold comes into view.
It is wielding a +0 whip and quivering poisoned darts.
The adder bites you but does no damage. The orc closely misses you.
Unknown command.
You completely miss the orc. You grab the orc. You slash the ice beast!
You hit the adder. You constrict the orc. The ice beast hits you.
The ice beast freezes you! The orc closely misses you.
The orc priest calls down the wrath of Beogh upon you.
Beogh smites you!
* * * LOW HITPOINT WARNING * * *
The adder barely misses you. The ball python closely misses you.
The orc priest threatens, "Beogh's wrath is as vast as their mercy.
Make your choice!" (press Y on the ability menu to convert to Beogh)
Okay, then.
You barely miss the ice beast. You squeeze the ice beast.
The ice beast is heavily wounded.
You slash the gnoll! You hit the ball python.
You kill the ball python!
You slash the orc!
You kill the orc!
You hit the adder. The adder closely misses you. You block the gnoll's attack.
The ice beast hits you.
* * * LOW HITPOINT WARNING * * *
The ice beast freezes you.
You die...

,*,,,,,,,,,,*,,,,#.....#,,,,*
,*,,,,,,,,,,,,,,,#§§§§§#,,,,*
,*,,,,,*,,**,#.###§§§§§#+###*
,*+***,,,,,,,....§§§§§......*
,*,,,,,****,*######§####....*
**,,,,,**,#.**,,,##)#,**,,,.*
,,,,,,,*,,#..#*+##..#,,*,,<,*
***+**,*,*#...K#S...#*,*,,,,*
*,,,,,,*,,*#o.g)@..##,,*,*,**
*,,,,,,*,..'S.o)Yg.'...#,*,*
,,,,,,,*,.##.......##..#,*,*
,,,,,,,*,*#....⌠....#*.#,*,*
,,,,,,,**#...........#*#,*,*
,,,,,,,,,..............,,,,*
,,,,,,,**####.....######,***
,,,,,,,*,,,,'#...#',,,,*,*
,,,,,,,**,,,,**,**,,,,**,*


You could see an ice beast, an orc priest, a gnoll, an adder, an orc, a goblin,
a ball python and a kobold.

Vanquished Creatures
  An ogre (D:4)
  A bombardier beetle (D:4)
  A hound (D:4)
  An orc wizard (D:4)
  3 adders (D:3)
  2 dart slugs (D:3)
  4 orcs (D:4)
  6 ball pythons
  8 bats
  3 endoplasms (D:2)
  2 giant cockroaches
  9 goblins
  5 hobgoblins
  6 kobolds
  2 quokkas
  2 frilled lizards (D:1)
  3 rats (D:1)
59 creatures vanquished.

Notes
Turn   | Place    | Note
-------+----------+-------------------------------------------
     0 | D:1      | Dorkslayer the Octopode Fighter began the quest for the
                  | Orb.
     0 | D:1      | Reached XP level 1. HP: 16/16 MP: 1/1
    88 | D:1      | Reached XP level 2. HP: 14/21 MP: 2/2
   221 | D:1      | Reached skill level 1 in Stealth
   322 | D:1      | Reached XP level 3. HP: 24/26 MP: 3/3
  1186 | D:3      | Reached skill level 2 in Stealth
  1186 | D:3      | Reached XP level 4. HP: 26/31 MP: 4/4
  1197 | D:3      | Got Xityaran's Anthology of the Spectral Singularity
  1544 | D:3      | Found Daxeorer's Book Shop.
  1556 | D:3      | Found a sacrificial altar of Ru.
  1689 | D:4      | Reached skill level 3 in Stealth
  1726 | D:4      | Noticed an ogre
  1732 | D:4      | Killed an ogre
  1733 | D:4      | Reached skill level 4 in Stealth
  1733 | D:4      | Reached XP level 5. HP: 37/37 MP: 5/5
  1770 | D:4      | Reached XP level 6. HP: 43/43 MP: 6/6
  1798 | D:4      | Noticed an ice beast
  1804 | D:4      | HP: 2/43 [ice beast (4)]
  1804 | D:4      | Slain by an ice beast

Illustrated notes

Levels and vault maps discovered:
D:1:      tarquinn_simple_flora_water_c, layout_rooms
D:2:      layout_loops_cross, minmay_misc_feat_enclosed
D:3:      layout_loops_ring, nicolae_ru_awakened_eye, serial_shops,
          shop_fountains, dk_noncrumbling_4
D:4:      layout_gridville, minmay_pentangle

Skill      XL: |  1  2  3  4 |
---------------+-------------+-----
Stealth        | 1 2 4 |  4.5
Axes           | 3 |  3.8
Fighting       | |  3.8
Dodging        | |  3.5
Shields        | |  3.4

Action                     |  1- 3 |  4- 6 || total
---------------------------+-------+-------++-------
  Melee: War axe           |    64 |    28 ||    92
         Constrict         |    15 |     6 ||    21
         Tentacles         |     9 |     2 ||    11
    Use: Scroll            |       |    10 ||    10
         Potion            |       |     1 ||     1
   Stab: Sleeping          |    12 |     4 ||    16
 Armour: Skin              |    36 |    13 ||    49
  Dodge: Dodged            |    43 |    14 ||    57
  Block: Buckler           |    16 |     4 ||    20

Table legend: (Time is in decaauts)
 A = Elapsed time spent in this place.
 B = Non-inter-level travel time spent in this place.
 C = Inter-level travel time spent in this place.
 D = Time resting spent in this place.
 E = Time spent auto-exploring this place.
 F = Levels seen in this place.
 G = Mean time per level.
                   A        B        C        D        E       F      G
               +--------+--------+--------+--------+--------+-----+--------+
         Total |   1839 |   1839 |      0 |      0 |    636 |   4 |  459.8 |
       Dungeon |   1839 |   1839 |      0 |      0 |    636 |   4 |  459.8 |
               +--------+--------+--------+--------+--------+-----+--------+

Top non-repeatable levels by time:
     D:2: 640 daAuts
     D:3: 638 daAuts
     D:1: 418 daAuts
     D:4: 142 daAuts
